[ PARTIDA AOE2 · #461287964 ]
Team RMLituanos vs Hindustanis
[ ANÁLISIS DE REPETICIÓN · EXTRAÍDO DE LA PARTIDA GRABADA ]
Feudal
8:26
Castillos
20:33
Imperial
44:52
| APM promedio | 66.1 |
| APM pico | 130 |
| eAPM promedio | 35.6 |
| Aldeanos / militares | 235 / 204 |
Foco
⚔️ 60.0% · 🌾 40.0%
Leitis ×106 · Knight ×87 · Scout Cavalry ×6 · Monk ×2 · Mangonel ×2 · Spearman ×1
Feudal
9:44
Castillos
25:49
Imperial
43:37
| APM promedio | 38.6 |
| APM pico | 78 |
| eAPM promedio | 23.6 |
| Aldeanos / militares | 152 / 236 |
Foco
⚔️ 50.2% · 🌾 49.8%
Archer ×208 · Camel Scout ×12 · Hand Cannoneer ×11 · Spearman ×4 · Monk ×1
Feudal
8:27
Castillos
24:28
Imperial
42:08
| APM promedio | 68.2 |
| APM pico | 109 |
| eAPM promedio | 31.5 |
| Aldeanos / militares | 179 / 196 |
Foco
⚔️ 32.6% · 🌾 67.4%
Knight ×169 · Scout Cavalry ×24 · Trebuchet (Packed) ×2 · Monk ×1
Feudal
8:51
Castillos
24:08
Imperial
48:34
| APM promedio | 57.5 |
| APM pico | 106 |
| eAPM promedio | 24.6 |
| Aldeanos / militares | 184 / 180 |
Foco
⚔️ 39.0% · 🌾 61.0%
Cavalry Archer ×132 · Archer ×47 · Spearman ×1
Mapa de la partida
Recursos iniciales + cada clic de construcción. Líneas = muros · curvas = relieve. ◆ oro · ⬟ piedra · ● bayas · ✦ reliquia · ◌ hueco del cierre
Tu base· ✓ Cerrada en 20:33 · 54t muro · 1 puerta(s)
Base de NaY· ✓ Cerrada en 25:49 · 52t muro · 3 puerta(s)
Base de [R1] Lil Capitolio· ✓ Cerrada en 24:28 · 100t muro · 2 puerta(s)
Base de InvisibleDuk· ✓ Cerrada en 24:08 · 74t muro · 1 puerta(s)
Terreno inicial suavizado · ◌ = hueco del cierre detectado · pasá el cursor para detalles
Inputs por minuto
— BananaBoat - - NaY
Build order — BananaBoat
Primeras 150 de 630 acciones detectadas
| 0:01 | Crear | Villager (Male) |
| 0:01 | Crear | Villager (Male) |
| 0:01 | Crear | Villager (Male) |
| 0:02 | Construir | House |
| 0:04 | Construir | House |
| 0:08 | Crear | Villager (Male) |
| 0:10 | Crear | Villager (Male) |
| 0:23 | Crear | Villager (Male) |
| 1:27 | Crear | Villager (Male) |
| 1:56 | Construir | Lumber Camp |
| 1:58 | Crear | Villager (Male) |
| 2:23 | Crear | Villager (Male) |
| 2:43 | Crear | Villager (Male) |
| 3:15 | Crear | Villager (Male) |
| 3:32 | Crear | Villager (Male) |
| 3:55 | Construir | House |
| 4:10 | Crear | Villager (Male) |
| 4:28 | Crear | Villager (Male) |
| 4:32 | Construir | House |
| 4:54 | Construir | Mill |
| 5:49 | Investigar | Loom |
| 6:15 | Investigar | Feudal Age |
| 7:11 | Construir | Barracks |
| 7:46 | Crear | Villager (Male) |
| 8:21 | Construir | House |
| 8:26 | Edad | Edad Feudal |
| 8:29 | Construir | Stable |
| 8:32 | Investigar | Double-Bit Axe |
| 8:37 | Crear | Villager (Male) |
| 9:05 | Crear | Villager (Male) |
| 9:09 | Construir | House |
| 9:16 | Crear | Villager (Male) |
| 9:20 | Construir | House |
| 9:23 | Construir | Palisade Wall |
| 9:26 | Crear | Villager (Male) |
| 9:29 | Crear | Scout Cavalry |
| 9:49 | Construir | Palisade Wall |
| 9:56 | Crear | Scout Cavalry |
| 10:08 | Crear | Villager (Male) |
| 10:10 | Investigar | Horse Collar |
| 10:12 | Construir | Farm |
| 10:25 | Construir | Farm |
| 10:27 | Construir | Farm |
| 10:33 | Crear | Scout Cavalry |
| 10:35 | Construir | House |
| 10:38 | Construir | Palisade Wall |
| 10:39 | Construir | Palisade Wall |
| 10:49 | Crear | Villager (Male) |
| 11:09 | Construir | Farm |
| 11:14 | Construir | Palisade Wall |
| 11:17 | Crear | Villager (Male) |
| 11:18 | Crear | Scout Cavalry |
| 11:23 | Construir | Farm |
| 11:48 | Crear | Villager (Male) |
| 11:56 | Construir | Farm |
| 12:13 | Construir | House |
| 12:14 | Construir | Palisade Wall |
| 12:15 | Crear | Villager (Male) |
| 12:18 | Construir | Farm |
| 12:25 | Crear | Villager (Male) |
| 12:27 | Construir | Farm |
| 12:28 | Construir | Farm |
| 12:33 | Construir | Farm |
| 12:45 | Construir | Farm |
| 12:53 | Crear | Villager (Male) |
| 13:05 | Crear | Villager (Male) |
| 13:07 | Construir | Farm |
| 13:08 | Construir | House |
| 13:09 | Construir | House |
| 13:23 | Construir | Farm |
| 13:29 | Crear | Scout Cavalry |
| 13:37 | Construir | Farm |
| 13:38 | Crear | Villager (Male) |
| 13:44 | Construir | Farm |
| 13:56 | Crear | Villager (Male) |
| 14:03 | Construir | Farm |
| 14:05 | Crear | Spearman |
| 14:08 | Construir | House |
| 14:09 | Construir | Palisade Wall |
| 14:14 | Construir | House |
| 14:14 | Construir | Palisade Wall |
| 14:22 | Crear | Villager (Male) |
| 14:45 | Construir | Farm |
| 14:47 | Crear | Villager (Male) |
| 14:58 | Construir | Palisade Wall |
| 15:04 | Crear | Villager (Male) |
| 15:06 | Crear | Scout Cavalry |
| 15:10 | Construir | Mining Camp |
| 15:15 | Construir | Palisade Gate |
| 15:20 | Construir | Palisade Wall |
| 15:21 | Construir | Palisade Wall |
| 15:25 | Construir | Palisade Wall |
| 15:28 | Crear | Villager (Male) |
| 16:05 | Crear | Villager (Male) |
| 16:14 | Construir | Blacksmith |
| 16:23 | Crear | Villager (Male) |
| 16:54 | Crear | Villager (Male) |
| 17:22 | Crear | Villager (Male) |
| 17:53 | Investigar | Castle Age |
| 17:59 | Construir | Stable |
| 18:04 | Investigar | Scale Barding Armor |
| 19:17 | Construir | Lumber Camp |
| 19:20 | Investigar | Bloodlines |
| 19:25 | Investigar | Gold Mining |
| 19:29 | Construir | Lumber Camp |
| 20:10 | Crear | Villager (Male) |
| 20:33 | Edad | Edad de los Castillos |
| 20:35 | Construir | Town Center |
| 20:36 | Crear | Knight |
| 20:36 | Crear | Knight |
| 20:41 | Investigar | Forging |
| 20:44 | Investigar | Bow Saw |
| 20:44 | Crear | Villager (Male) |
| 20:55 | Crear | Knight |
| 20:55 | Crear | Knight |
| 20:58 | Crear | Knight |
| 21:26 | Crear | Villager (Male) |
| 21:28 | Crear | Villager (Male) |
| 21:28 | Crear | Knight |
| 21:29 | Crear | Knight |
| 21:30 | Investigar | Husbandry |
| 21:45 | Construir | Town Center |
| 21:49 | Crear | Villager (Male) |
| 21:53 | Crear | Knight |
| 21:53 | Crear | Knight |
| 22:10 | Construir | Farm |
| 22:12 | Investigar | Heavy Plow |
| 22:14 | Crear | Knight |
| 22:15 | Crear | Villager (Male) |
| 22:18 | Crear | Villager (Male) |
| 22:19 | Crear | Villager (Male) |
| 22:40 | Crear | Villager (Male) |
| 22:43 | Crear | Knight |
| 22:43 | Crear | Knight |
| 23:02 | Crear | Villager (Male) |
| 23:05 | Construir | Farm |
| 23:07 | Construir | Farm |
| 23:09 | Construir | Farm |
| 23:09 | Crear | Villager (Male) |
| 23:12 | Crear | Villager (Male) |
| 23:17 | Construir | Farm |
| 23:18 | Construir | Farm |
| 23:19 | Crear | Villager (Male) |
| 23:36 | Crear | Villager (Male) |
| 23:49 | Crear | Villager (Male) |
| 23:52 | Construir | Farm |
| 23:52 | Construir | Farm |
| 23:54 | Construir | Farm |
| 23:55 | Construir | Farm |
| 23:56 | Crear | Knight |
Build order — NaY
Primeras 150 de 540 acciones detectadas
| 0:01 | Crear | Villager (Male) |
| 0:01 | Crear | Villager (Male) |
| 0:01 | Crear | Villager (Male) |
| 0:02 | Crear | Villager (Male) |
| 0:03 | Construir | House |
| 0:04 | Construir | House |
| 1:01 | Crear | Villager (Male) |
| 1:27 | Crear | Villager (Male) |
| 1:45 | Construir | Lumber Camp |
| 2:17 | Crear | Villager (Male) |
| 2:18 | Crear | Villager (Male) |
| 2:35 | Crear | Villager (Male) |
| 2:35 | Crear | Villager (Male) |
| 2:40 | Construir | House |
| 2:41 | Construir | House |
| 3:19 | Crear | Villager (Male) |
| 3:20 | Crear | Villager (Male) |
| 3:30 | Crear | Villager (Male) |
| 3:31 | Crear | Villager (Male) |
| 3:58 | Crear | Villager (Male) |
| 3:58 | Crear | Villager (Male) |
| 4:08 | Crear | Villager (Male) |
| 4:09 | Crear | Villager (Male) |
| 4:42 | Crear | Villager (Male) |
| 5:00 | Crear | Villager (Male) |
| 5:01 | Crear | Villager (Male) |
| 5:18 | Crear | Villager (Male) |
| 5:18 | Crear | Villager (Male) |
| 5:46 | Construir | Barracks |
| 6:44 | Crear | Villager (Male) |
| 6:46 | Investigar | Loom |
| 6:48 | Construir | House |
| 7:11 | Investigar | Feudal Age |
| 7:43 | Construir | Mill |
| 8:15 | Crear | Villager (Male) |
| 8:16 | Crear | Villager (Male) |
| 8:24 | Construir | House |
| 8:29 | Construir | Palisade Wall |
| 8:31 | Construir | Palisade Wall |
| 9:28 | Construir | Mining Camp |
| 9:44 | Edad | Edad Feudal |
| 9:46 | Crear | Villager (Male) |
| 9:47 | Crear | Villager (Male) |
| 9:50 | Construir | Archery Range |
| 9:54 | Crear | Villager (Male) |
| 10:10 | Crear | Villager (Male) |
| 10:22 | Crear | Villager (Male) |
| 10:36 | Investigar | Double-Bit Axe |
| 10:46 | Construir | Archery Range |
| 10:49 | Crear | Archer |
| 10:53 | Crear | Villager (Male) |
| 11:05 | Construir | Palisade Wall |
| 11:24 | Construir | Palisade Wall |
| 11:25 | Construir | Palisade Wall |
| 11:28 | Crear | Villager (Male) |
| 11:35 | Crear | Spearman |
| 11:35 | Crear | Spearman |
| 11:43 | Construir | Palisade Gate |
| 11:47 | Construir | House |
| 11:59 | Construir | House |
| 12:02 | Construir | Palisade Gate |
| 12:12 | Construir | Palisade Wall |
| 12:14 | Construir | Palisade Wall |
| 12:26 | Crear | Archer |
| 12:27 | Crear | Archer |
| 12:27 | Crear | Archer |
| 12:27 | Crear | Archer |
| 12:28 | Crear | Villager (Male) |
| 12:28 | Crear | Villager (Male) |
| 13:30 | Crear | Villager (Male) |
| 13:42 | Construir | Palisade Gate |
| 13:46 | Construir | Palisade Wall |
| 13:48 | Crear | Archer |
| 13:48 | Crear | Archer |
| 13:52 | Crear | Archer |
| 13:52 | Crear | Archer |
| 14:03 | Construir | Palisade Gate |
| 14:13 | Crear | Archer |
| 14:14 | Crear | Villager (Male) |
| 14:14 | Crear | Villager (Male) |
| 14:26 | Construir | Farm |
| 14:27 | Construir | Farm |
| 14:56 | Crear | Archer |
| 14:57 | Crear | Archer |
| 14:57 | Crear | Archer |
| 15:06 | Construir | Farm |
| 15:06 | Construir | Farm |
| 15:12 | Construir | Farm |
| 15:15 | Construir | Farm |
| 15:16 | Crear | Villager (Male) |
| 15:23 | Crear | Archer |
| 15:23 | Crear | Archer |
| 15:42 | Construir | Blacksmith |
| 15:48 | Construir | House |
| 16:01 | Crear | Villager (Male) |
| 16:01 | Crear | Villager (Male) |
| 16:02 | Construir | Farm |
| 16:04 | Crear | Archer |
| 16:04 | Crear | Archer |
| 16:11 | Crear | Villager (Male) |
| 16:13 | Crear | Archer |
| 16:13 | Crear | Archer |
| 16:18 | Crear | Archer |
| 16:18 | Crear | Archer |
| 16:19 | Crear | Villager (Male) |
| 16:20 | Crear | Villager (Male) |
| 16:41 | Construir | Farm |
| 16:53 | Crear | Villager (Male) |
| 16:57 | Construir | Farm |
| 17:02 | Investigar | Fletching |
| 17:02 | Investigar | Fletching |
| 17:17 | Crear | Villager (Male) |
| 17:18 | Crear | Archer |
| 17:19 | Crear | Archer |
| 17:24 | Construir | House |
| 17:30 | Crear | Villager (Male) |
| 17:39 | Crear | Villager (Male) |
| 17:41 | Construir | House |
| 17:42 | Construir | House |
| 17:51 | Investigar | Padded Archer Armor |
| 18:15 | Crear | Villager (Male) |
| 18:15 | Crear | Villager (Male) |
| 18:17 | Construir | Farm |
| 18:19 | Construir | Farm |
| 18:33 | Crear | Villager (Male) |
| 18:33 | Crear | Villager (Male) |
| 18:34 | Crear | Archer |
| 18:34 | Crear | Archer |
| 18:42 | Crear | Villager (Male) |
| 18:42 | Crear | Villager (Male) |
| 18:48 | Crear | Villager (Male) |
| 18:52 | Crear | Villager (Male) |
| 18:52 | Crear | Archer |
| 18:53 | Crear | Archer |
| 19:07 | Crear | Villager (Male) |
| 19:07 | Crear | Villager (Male) |
| 19:07 | Crear | Archer |
| 19:08 | Crear | Archer |
| 19:14 | Crear | Villager (Male) |
| 19:14 | Crear | Villager (Male) |
| 19:15 | Crear | Archer |
| 19:15 | Crear | Archer |
| 19:20 | Crear | Archer |
| 19:20 | Crear | Archer |
| 19:27 | Construir | House |
| 19:28 | Construir | House |
| 19:29 | Construir | House |
| 19:31 | Crear | Villager (Male) |
| 19:32 | Crear | Archer |
| 19:32 | Crear | Archer |
Build order — [R1] Lil Capitolio
Primeras 150 de 549 acciones detectadas
| 0:00 | Crear | Villager (Male) |
| 0:00 | Crear | Villager (Male) |
| 0:02 | Construir | House |
| 0:03 | Construir | House |
| 0:25 | Crear | Villager (Male) |
| 0:30 | Crear | Villager (Male) |
| 1:26 | Crear | Villager (Male) |
| 1:26 | Crear | Villager (Male) |
| 1:59 | Crear | Villager (Male) |
| 2:00 | Crear | Villager (Male) |
| 2:03 | Construir | Lumber Camp |
| 2:25 | Crear | Villager (Male) |
| 2:50 | Crear | Villager (Male) |
| 3:05 | Crear | Villager (Male) |
| 3:05 | Crear | Villager (Male) |
| 3:18 | Crear | Villager (Male) |
| 3:18 | Crear | Villager (Male) |
| 3:49 | Construir | House |
| 3:50 | Construir | House |
| 4:08 | Crear | Villager (Male) |
| 4:09 | Crear | Villager (Male) |
| 4:09 | Crear | Villager (Male) |
| 4:28 | Crear | Villager (Male) |
| 4:44 | Construir | Mill |
| 4:50 | Crear | Villager (Male) |
| 4:51 | Crear | Villager (Male) |
| 5:50 | Investigar | Loom |
| 6:17 | Investigar | Feudal Age |
| 6:17 | Investigar | Feudal Age |
| 7:15 | Crear | Villager (Male) |
| 7:16 | Crear | Villager (Male) |
| 7:32 | Construir | Barracks |
| 8:08 | Crear | Villager (Male) |
| 8:27 | Edad | Edad Feudal |
| 8:29 | Construir | Stable |
| 8:32 | Crear | Villager (Male) |
| 8:40 | Construir | House |
| 9:03 | Investigar | Double-Bit Axe |
| 9:03 | Investigar | Double-Bit Axe |
| 9:09 | Crear | Scout Cavalry |
| 9:09 | Crear | Scout Cavalry |
| 9:09 | Crear | Scout Cavalry |
| 9:27 | Construir | Palisade Wall |
| 9:28 | Construir | Palisade Wall |
| 9:32 | Crear | Villager (Male) |
| 9:56 | Construir | Palisade Wall |
| 10:07 | Crear | Scout Cavalry |
| 10:09 | Crear | Villager (Male) |
| 10:15 | Construir | House |
| 10:17 | Construir | House |
| 10:21 | Construir | Palisade Wall |
| 10:22 | Crear | Villager (Male) |
| 10:25 | Construir | Farm |
| 10:37 | Construir | Farm |
| 10:44 | Crear | Scout Cavalry |
| 11:02 | Construir | Palisade Wall |
| 11:08 | Crear | Villager (Male) |
| 11:19 | Construir | Palisade Wall |
| 11:24 | Crear | Villager (Male) |
| 11:48 | Construir | Palisade Wall |
| 11:56 | Construir | Farm |
| 11:59 | Construir | Farm |
| 12:01 | Crear | Villager (Male) |
| 12:03 | Construir | Farm |
| 12:15 | Construir | Palisade Wall |
| 12:19 | Crear | Scout Cavalry |
| 12:30 | Crear | Villager (Male) |
| 12:34 | Crear | Villager (Male) |
| 12:38 | Construir | Farm |
| 12:39 | Construir | Farm |
| 12:39 | Construir | Farm |
| 12:43 | Construir | Farm |
| 12:50 | Crear | Villager (Male) |
| 13:19 | Construir | Lumber Camp |
| 13:25 | Crear | Scout Cavalry |
| 13:27 | Crear | Villager (Male) |
| 13:29 | Construir | House |
| 13:30 | Construir | House |
| 13:42 | Construir | Palisade Wall |
| 13:44 | Crear | Scout Cavalry |
| 13:47 | Crear | Villager (Male) |
| 13:56 | Construir | Palisade Wall |
| 14:01 | Crear | Villager (Male) |
| 14:12 | Construir | House |
| 14:14 | Construir | Palisade Wall |
| 14:37 | Crear | Scout Cavalry |
| 14:45 | Construir | Mining Camp |
| 14:45 | Crear | Villager (Male) |
| 14:53 | Construir | Blacksmith |
| 14:56 | Crear | Scout Cavalry |
| 15:04 | Crear | Villager (Male) |
| 15:08 | Construir | Farm |
| 15:11 | Construir | Farm |
| 15:16 | Construir | House |
| 15:19 | Construir | Palisade Wall |
| 15:22 | Crear | Villager (Male) |
| 15:25 | Construir | Farm |
| 15:25 | Crear | Villager (Male) |
| 15:35 | Construir | Palisade Gate |
| 15:44 | Investigar | Scale Barding Armor |
| 15:46 | Construir | House |
| 15:49 | Construir | Farm |
| 16:05 | Construir | House |
| 16:06 | Crear | Scout Cavalry |
| 16:28 | Construir | Market |
| 16:31 | Crear | Villager (Male) |
| 16:36 | Construir | Farm |
| 16:51 | Crear | Villager (Male) |
| 17:02 | Construir | Market |
| 17:16 | Investigar | Forging |
| 17:16 | Investigar | Forging |
| 17:32 | Construir | Farm |
| 17:32 | Construir | Farm |
| 17:33 | Construir | Farm |
| 17:33 | Construir | Farm |
| 17:37 | Crear | Scout Cavalry |
| 18:02 | Construir | Palisade Gate |
| 18:08 | Crear | Scout Cavalry |
| 18:08 | Crear | Scout Cavalry |
| 18:09 | Crear | Scout Cavalry |
| 18:29 | Crear | Villager (Male) |
| 18:29 | Crear | Villager (Male) |
| 18:32 | Construir | Farm |
| 18:43 | Crear | Scout Cavalry |
| 18:44 | Crear | Scout Cavalry |
| 18:56 | Construir | Stable |
| 19:00 | Construir | House |
| 19:06 | Crear | Scout Cavalry |
| 19:13 | Crear | Villager (Male) |
| 19:13 | Crear | Villager (Male) |
| 19:20 | Construir | Farm |
| 19:22 | Construir | Farm |
| 19:24 | Crear | Villager (Male) |
| 19:37 | Crear | Scout Cavalry |
| 20:10 | Crear | Scout Cavalry |
| 20:10 | Crear | Scout Cavalry |
| 20:10 | Crear | Scout Cavalry |
| 20:11 | Crear | Villager (Male) |
| 20:30 | Crear | Villager (Male) |
| 20:33 | Construir | Farm |
| 20:34 | Construir | Farm |
| 20:34 | Construir | Farm |
| 20:34 | Construir | Farm |
| 20:34 | Construir | Farm |
| 21:00 | Crear | Villager (Male) |
| 21:32 | Crear | Villager (Male) |
| 21:32 | Crear | Villager (Male) |
| 21:48 | Investigar | Castle Age |
| 21:48 | Investigar | Castle Age |
| 22:17 | Construir | House |
Build order — InvisibleDuk
Primeras 150 de 432 acciones detectadas
| 0:01 | Crear | Villager (Male) ×4 |
| 0:02 | Construir | Palisade Wall |
| 1:28 | Crear | Villager (Male) |
| 1:28 | Crear | Villager (Male) |
| 1:49 | Crear | Villager (Male) |
| 1:49 | Crear | Villager (Male) |
| 2:03 | Crear | Villager (Male) |
| 2:09 | Construir | Lumber Camp |
| 2:41 | Crear | Villager (Male) |
| 2:41 | Crear | Villager (Male) |
| 3:31 | Crear | Villager (Male) |
| 4:08 | Crear | Villager (Male) |
| 4:32 | Crear | Villager (Male) |
| 4:33 | Crear | Villager (Male) |
| 5:14 | Crear | Villager (Male) |
| 5:37 | Construir | Mining Camp |
| 5:44 | Crear | Villager (Male) |
| 6:00 | Investigar | Loom |
| 6:10 | Investigar | Loom |
| 6:30 | Investigar | Feudal Age |
| 7:49 | Construir | Barracks |
| 8:25 | Crear | Villager (Male) |
| 8:34 | Construir | Palisade Wall |
| 8:35 | Construir | Palisade Wall |
| 8:51 | Edad | Edad Feudal |
| 8:52 | Crear | Spearman |
| 8:57 | Construir | Archery Range |
| 9:03 | Crear | Villager (Male) |
| 9:13 | Construir | Archery Range |
| 9:26 | Construir | Palisade Wall |
| 9:31 | Construir | Palisade Wall |
| 9:36 | Crear | Villager (Male) |
| 9:54 | Crear | Villager (Male) |
| 10:05 | Construir | Palisade Wall |
| 10:07 | Crear | Archer |
| 10:08 | Crear | Archer |
| 10:10 | Crear | Villager (Male) |
| 10:24 | Construir | Palisade Wall |
| 10:25 | Construir | Palisade Wall |
| 10:26 | Construir | Palisade Wall |
| 10:27 | Construir | Palisade Wall |
| 10:29 | Crear | Villager (Male) |
| 10:30 | Crear | Archer |
| 10:30 | Crear | Archer |
| 10:42 | Construir | Blacksmith |
| 10:52 | Crear | Archer |
| 11:04 | Crear | Villager (Male) |
| 11:13 | Construir | Palisade Wall |
| 11:18 | Crear | Villager (Male) |
| 11:23 | Construir | Mill |
| 11:36 | Investigar | Fletching |
| 11:43 | Crear | Archer |
| 11:44 | Crear | Archer |
| 12:01 | Crear | Villager (Male) |
| 12:02 | Crear | Archer |
| 12:02 | Crear | Archer |
| 12:06 | Construir | Farm |
| 12:21 | Construir | Farm |
| 12:25 | Crear | Villager (Male) |
| 12:42 | Construir | Palisade Wall |
| 12:43 | Crear | Archer |
| 12:44 | Crear | Archer |
| 13:09 | Crear | Villager (Male) |
| 13:12 | Construir | Palisade Wall |
| 13:21 | Crear | Archer |
| 13:21 | Crear | Archer |
| 13:30 | Construir | Farm |
| 13:33 | Crear | Villager (Male) |
| 13:34 | Crear | Archer |
| 13:34 | Crear | Archer |
| 13:43 | Construir | Palisade Wall |
| 13:53 | Construir | Palisade Wall |
| 13:54 | Construir | Palisade Wall |
| 13:56 | Crear | Villager (Male) |
| 14:04 | Crear | Archer |
| 14:04 | Crear | Archer |
| 14:05 | Crear | Villager (Male) |
| 14:14 | Crear | Villager (Male) |
| 14:17 | Construir | Palisade Wall |
| 14:35 | Crear | Villager (Male) |
| 14:36 | Crear | Villager (Male) |
| 14:36 | Crear | Archer |
| 14:36 | Crear | Archer |
| 14:40 | Construir | Farm |
| 14:50 | Crear | Villager (Male) |
| 14:57 | Investigar | Double-Bit Axe |
| 14:57 | Investigar | Double-Bit Axe |
| 14:59 | Crear | Archer |
| 14:59 | Crear | Archer |
| 15:10 | Crear | Villager (Male) |
| 15:13 | Construir | Farm |
| 15:23 | Construir | Palisade Wall |
| 15:26 | Crear | Archer |
| 15:27 | Crear | Archer |
| 15:37 | Crear | Villager (Male) |
| 15:41 | Construir | Palisade Wall |
| 15:47 | Construir | Farm |
| 15:55 | Construir | Farm |
| 15:58 | Crear | Villager (Male) |
| 15:59 | Crear | Archer |
| 16:08 | Crear | Villager (Male) |
| 16:14 | Construir | Palisade Wall |
| 16:21 | Construir | Palisade Wall |
| 16:23 | Construir | Palisade Wall |
| 16:31 | Crear | Villager (Male) |
| 16:35 | Crear | Archer |
| 16:35 | Crear | Archer |
| 16:36 | Crear | Villager (Male) |
| 16:49 | Crear | Villager (Male) |
| 16:52 | Crear | Archer |
| 16:52 | Crear | Archer |
| 17:08 | Crear | Villager (Male) |
| 17:29 | Crear | Villager (Male) |
| 17:45 | Crear | Villager (Male) |
| 17:49 | Construir | Farm |
| 17:49 | Construir | Farm |
| 17:49 | Construir | Farm |
| 17:49 | Construir | Farm |
| 17:50 | Construir | Farm |
| 17:53 | Crear | Archer |
| 17:54 | Crear | Archer |
| 18:10 | Construir | Lumber Camp |
| 18:30 | Crear | Archer |
| 18:30 | Crear | Archer |
| 18:56 | Crear | Archer |
| 18:56 | Crear | Villager (Male) |
| 18:56 | Crear | Villager (Male) |
| 19:09 | Crear | Archer |
| 19:09 | Crear | Archer |
| 19:11 | Construir | Farm |
| 19:18 | Construir | Palisade Wall |
| 19:23 | Crear | Archer |
| 19:23 | Crear | Archer |
| 19:25 | Construir | Farm |
| 19:26 | Crear | Villager (Male) |
| 19:26 | Crear | Villager (Male) |
| 20:17 | Crear | Archer |
| 20:17 | Crear | Archer |
| 20:18 | Crear | Archer |
| 20:29 | Construir | Market |
| 20:34 | Construir | Watch Tower |
| 20:37 | Construir | Palisade Wall |
| 20:39 | Construir | Palisade Wall |
| 21:04 | Construir | Palisade Wall |
| 21:17 | Construir | Palisade Wall |
| 21:24 | Crear | Archer |
| 21:24 | Crear | Archer |
| 21:28 | Investigar | Castle Age |
| 21:46 | Construir | Palisade Wall |
| 21:56 | Construir | Palisade Wall |
Cronología de la partida
| 0:02 | InvisibleDuk · wall_segment Palisade Wall x1 |
| 5:46 | NaY · first_building Barracks |
| 7:11 | BananaBoat · first_building Barracks |
| 7:32 | [R1] Lil Capitolio · first_building Barracks |
| 7:49 | InvisibleDuk · first_building Barracks |
| 8:26 | BananaBoat · age_up feudal |
| 8:27 | [R1] Lil Capitolio · age_up feudal |
| 8:29 | NaY · wall_segment Palisade Wall x3 |
| 8:29 | BananaBoat · first_building Stable |
| 8:29 | [R1] Lil Capitolio · first_building Stable |
| 8:31 | NaY · wall_segment Palisade Wall x13 |
| 8:34 | InvisibleDuk · wall_segment Palisade Wall x1 |
| 8:35 | InvisibleDuk · wall_segment Palisade Wall x1 |
| 8:51 | InvisibleDuk · age_up feudal |
| 8:57 | InvisibleDuk · first_building Archery Range |
| 9:23 | BananaBoat · wall_segment Palisade Wall x7 |
| 9:26 | InvisibleDuk · wall_segment Palisade Wall x1 |
| 9:27 | [R1] Lil Capitolio · wall_segment Palisade Wall x5 |
| 9:28 | [R1] Lil Capitolio · wall_segment Palisade Wall x3 |
| 9:31 | InvisibleDuk · wall_segment Palisade Wall x3 |
| 9:44 | NaY · age_up feudal |
| 9:49 | BananaBoat · wall_segment Palisade Wall x6 |
| 9:50 | NaY · first_building Archery Range |
| 9:56 | [R1] Lil Capitolio · wall_segment Palisade Wall x4 |
| 10:05 | InvisibleDuk · wall_segment Palisade Wall x1 |
| 10:21 | [R1] Lil Capitolio · wall_segment Palisade Wall x9 |
| 10:24 | InvisibleDuk · wall_segment Palisade Wall x1 |
| 10:25 | InvisibleDuk · wall_segment Palisade Wall x1 |
| 10:26 | InvisibleDuk · wall_segment Palisade Wall x1 |
| 10:27 | InvisibleDuk · wall_segment Palisade Wall x1 |
| 10:38 | BananaBoat · wall_segment Palisade Wall x6 |
| 10:39 | BananaBoat · wall_segment Palisade Wall x1 |
| 11:02 | [R1] Lil Capitolio · wall_segment Palisade Wall x18 |
| 11:05 | NaY · wall_segment Palisade Wall x12 |
| 11:13 | InvisibleDuk · wall_segment Palisade Wall x6 |
| 11:14 | BananaBoat · wall_segment Palisade Wall x4 |
| 11:19 | [R1] Lil Capitolio · wall_segment Palisade Wall x13 |
| 11:24 | NaY · wall_segment Palisade Wall x4 |
| 11:25 | NaY · wall_segment Palisade Wall x7 |
| 11:48 | [R1] Lil Capitolio · wall_segment Palisade Wall x1 |
| 12:12 | NaY · wall_segment Palisade Wall x1 |
| 12:14 | NaY · wall_segment Palisade Wall x1 |
| 12:14 | BananaBoat · wall_segment Palisade Wall x4 |
| 12:15 | [R1] Lil Capitolio · wall_segment Palisade Wall x12 |
| 12:42 | InvisibleDuk · wall_segment Palisade Wall x7 |
| 13:12 | InvisibleDuk · wall_segment Palisade Wall x1 |
| 13:42 | [R1] Lil Capitolio · wall_segment Palisade Wall x5 |
| 13:43 | InvisibleDuk · wall_segment Palisade Wall x7 |
| 13:46 | NaY · wall_segment Palisade Wall x8 |
| 13:53 | InvisibleDuk · wall_segment Palisade Wall x8 |
| 13:54 | InvisibleDuk · wall_segment Palisade Wall x4 |
| 13:56 | [R1] Lil Capitolio · wall_segment Palisade Wall x8 |
| 14:09 | BananaBoat · wall_segment Palisade Wall x2 |
| 14:14 | [R1] Lil Capitolio · wall_segment Palisade Wall x21 |
| 14:14 | BananaBoat · wall_segment Palisade Wall x6 |
| 14:17 | InvisibleDuk · wall_segment Palisade Wall x1 |
| 14:58 | BananaBoat · wall_segment Palisade Wall x9 |
| 15:19 | [R1] Lil Capitolio · wall_segment Palisade Wall x2 |
| 15:20 | BananaBoat · wall_segment Palisade Wall x4 |
| 15:21 | BananaBoat · wall_segment Palisade Wall x5 |
| 15:23 | InvisibleDuk · wall_segment Palisade Wall x1 |
| 15:25 | BananaBoat · wall_segment Palisade Wall x1 |
| 15:41 | InvisibleDuk · wall_segment Palisade Wall x1 |
| 16:14 | InvisibleDuk · wall_segment Palisade Wall x1 |
| 16:21 | InvisibleDuk · wall_segment Palisade Wall x12 |
| 16:23 | InvisibleDuk · wall_segment Palisade Wall x8 |
| 19:18 | InvisibleDuk · wall_segment Palisade Wall x1 |
| 20:33 | BananaBoat · age_up castle |
| 20:37 | InvisibleDuk · wall_segment Palisade Wall x1 |
| 20:39 | InvisibleDuk · wall_segment Palisade Wall x1 |
| 21:04 | InvisibleDuk · wall_segment Palisade Wall x1 |
| 21:17 | InvisibleDuk · wall_segment Palisade Wall x1 |
| 21:35 | [R1] Lil Capitolio · first_market_sell 500 wood |
| 21:36 | [R1] Lil Capitolio · first_market_buy 100 food |
| 21:43 | NaY · wall_segment Palisade Wall x5 |
| 21:46 | InvisibleDuk · wall_segment Palisade Wall x1 |
| 21:56 | InvisibleDuk · wall_segment Palisade Wall x1 |
| 22:20 | InvisibleDuk · wall_segment Palisade Wall x1 |
| 22:30 | InvisibleDuk · wall_segment Palisade Wall x1 |
| 22:44 | InvisibleDuk · wall_segment Palisade Wall x1 |
| 23:28 | InvisibleDuk · first_building Stable |
| 23:46 | [R1] Lil Capitolio · wall_segment Palisade Wall x1 |
| 23:46 | [R1] Lil Capitolio · wall_segment Palisade Wall x1 |
| 24:08 | InvisibleDuk · age_up castle |
| 24:15 | BananaBoat · wall_segment Palisade Wall x1 |
| 24:18 | BananaBoat · wall_segment Palisade Wall x1 |
| 24:28 | [R1] Lil Capitolio · age_up castle |
| 25:01 | InvisibleDuk · first_market_sell 100 wood |
| 25:41 | InvisibleDuk · wall_segment Palisade Wall x1 |
| 25:41 | BananaBoat · first_building Monastery |
| 25:45 | InvisibleDuk · wall_segment Palisade Wall x1 |
| 25:49 | NaY · age_up castle |
| 27:34 | [R1] Lil Capitolio · first_building Monastery |
| 29:29 | InvisibleDuk · first_market_buy 100 wood |
| 32:11 | BananaBoat · wall_segment Stone Wall x1 |
| 32:23 | BananaBoat · first_market_sell 100 food |
| 34:08 | InvisibleDuk · wall_segment Palisade Wall x1 |
| 34:11 | InvisibleDuk · wall_segment Palisade Wall x1 |
| 34:14 | BananaBoat · first_building Castle |
| 34:25 | BananaBoat · first_building Siege Workshop |
| 38:01 | NaY · first_market_sell 100 food |
| 38:34 | NaY · first_building Monastery |
| 38:41 | BananaBoat · wall_segment Stone Wall x1 |
| 38:46 | BananaBoat · wall_segment Stone Wall x1 |
| 39:51 | [R1] Lil Capitolio · first_building Castle |
| 40:47 | NaY · wall_segment Palisade Wall x5 |
| 42:08 | [R1] Lil Capitolio · age_up imperial |
| 42:37 | BananaBoat · first_market_buy 100 stone |
| 42:41 | [R1] Lil Capitolio · wall_segment Palisade Wall x2 |
| 43:37 | NaY · age_up imperial |
| 44:23 | NaY · first_building Stable |
| 44:50 | InvisibleDuk · first_building Castle |
| 44:52 | BananaBoat · age_up imperial |
| 46:06 | NaY · first_building Castle |
| 47:42 | [R1] Lil Capitolio · wall_segment Stone Wall x13 |
| 47:44 | [R1] Lil Capitolio · wall_segment Stone Wall x12 |
| 48:34 | InvisibleDuk · age_up imperial |
| 50:10 | NaY · resign |
[ ANÁLISIS IA · 1 CRÉDITO ]
¿Qué pasó realmente en esta partida?
Wolo.gg analiza cada decisión: build order, eco, micro, errores típicos por bracket. Análisis personalizado por WhatsApp o Discord en 30 segundos.
Guía civ
Lituanos
Guía mapa
Arabia
Perfil
Jugador #6283949